Unix NetHack Version 3.7.0-94 Work-in-progress - last build Dec 13 2023 01:40:03 (eb5afe49d650b6f5c6196fad733e3b2b9fb6c025,branch:master). Game began 2023-12-14 13:02:46, ended 2023-12-14 18:02:03. elenmirie, neutral female human Priestess -------- ------ ----- #-......| |.!!!| |....## ## ----------#|^.....| ##-.!!!| |...| #-.^......|#|......---- # |.!!!| ---.- #|........|#----......-#################### ###### ------ # ####|........|# |......| ## dd # |........-# |..{...| # @ # -------.-- -.------ # d # # ######### # # ## #### ----.------ ----- # # # |.........| ###.....### # # |..........############ |.>.| # # |.........| |...| -.---# |..<.......##### |...| |....# |.........| ### |...| |...| ## ----------- ########-...| |...| # ----- |...| ----- Elenmirie the Adept St:25 Dx:14 Co:17 In:9 Wi:18 Ch:12 Neutral Dlvl:6 $:481 HP:0(52) Pw:9(87) AC:3 Xp:7/1023 T:5723 Latest messages: What do you want to use or apply? [ehwxzJKO-QT or ?*] w t - an uncursed black potion. M - a blessed golden potion. v - a cursed puce potion. p - a blessed sky blue potion. V - an uncursed potion called healing. t - an uncursed potion of see invisible. W - an uncursed potion of blindness. M - a blessed potion of gain ability. What do you want to drink? [ptvMVW or ?*] M Your innate strength has improved. You feel smart! You're already as wise as you can get. You feel agile! You feel tough! You feel charismatic! What do you want to use or apply? [ehwxzJKO-QT or ?*] w You put a cursed puce potion into the bag called sack. You put a blessed sky blue potion into the bag called sack. You put an uncursed potion called healing into the bag called sack. You put an uncursed potion of blindness into the bag called sack. You put an uncursed potion of see invisible into the bag called sack. The werewolf hits! You hit the werewolf! The werewolf summons help! A wolf suddenly appears next to you! A wolf suddenly appears next to you! A wolf suddenly appears close by! A warg suddenly appears close by! The werewolf hits! You kill the werewolf! The wolf bites! The wolf bites! You miss the wolf. The wolf bites! The wolf misses! The wolf bites! You miss the wolf. The wolf bites! The wolf bites! The wolf misses! You hit the wolf! The wolf bites! The wolf bites! You die... Do you want your possessions identified? [ynq] (y) y Do you want to see your attributes? [ynq] (y) y Do you want an account of creatures vanquished? [ynaq] (y) y Do you want to see your conduct and achievements? [ynq] (y) y Do you want to see the dungeon overview? [ynq] (y) y Inventory: Coins $ - 481 gold pieces Amulets R - an uncursed amulet of guarding S - an uncursed amulet of reflection (being worn) Weapons I - 27 blessed +3 darts (at the ready) m - 11 uncursed +2 darts q - 11 uncursed +1 darts i - 31 uncursed +0 darts a - a blessed +1 mace (weapon in right hand) Armor o - an uncursed +0 orcish helm (being worn) y - an uncursed +0 pair of gauntlets of power (being worn) c - an uncursed +0 small shield (being worn) b - an uncursed +0 robe (being worn) L - an uncursed +0 leather armor (being worn) Comestibles n - an uncursed clove of garlic f - an uncursed sprig of wolfsbane u - an uncursed tripe ration A - 2 uncursed tripe rations Rings D - an uncursed ring of searching g - an uncursed ring of see invisible Wands h - an uncursed wand of magic missile (0:6) z - an uncursed wand of polymorph (0:3) J - an uncursed wand of probing (0:2) K - an uncursed wand of teleportation (0:7) Tools w - an uncursed sack containing 18 items Q - an uncursed blindfold e - an uncursed lock pick P - a cursed magic lamp (lit) T - a cursed skeleton key O - an uncursed stethoscope x - an uncursed towel Contents of the sack: an uncursed scroll of amnesia an uncursed scroll of confuse monster a blessed scroll of enchant armor an uncursed scroll of enchant weapon an uncursed scroll of identify an uncursed scroll of light an uncursed scroll of magic mapping a cursed scroll of magic mapping an uncursed scroll of scare monster an uncursed potion of blindness 2 blessed potions of healing an uncursed potion of healing a cursed potion of invisibility an uncursed potion of object detection a cursed potion of object detection an uncursed potion of see invisible a blessed potion of sickness 3 potions of holy water Elenmirie the Priestess's attributes: Background: You were an Adept, a level 7 human Priestess. You were neutral, on a mission for Mog who was opposed by Issek (lawful) and Kos (chaotic). You were right-handed. You were in the Dungeons of Doom, on level 6. You entered the dungeon 5723 turns ago. There was a new moon in effect when your adventure ended. You had 1023 experience points, 257 more were needed to attain level 8. Basics: You had 0 out of 52 hit points. You had 9 out of 87 energy points (spell power). Your armor class was 3. Your wallet contained 481 zorkmids. Autopickup was on for '$' plus thrown. Final Characteristics: Your strength was 25 (base:12, innate limit:18/100). Your dexterity was 14 (limit:18). Your constitution was 17 (limit:18). Your intelligence was 9 (limit:18). Your wisdom was 18 (limit:18). Your charisma was 12 (limit:18). Final Status: You weren't hungry. You were unencumbered. You were wielding a mace. You were skilled in mace. Final Attributes: You were piously aligned. You were telepathic. You were guarded. You had reflection. You are dead. Miscellaneous: You never encountered a bones level. Total elapsed playing time was 2 hours, 10 minutes and 31 seconds. Major events: Turn 1: elenmirie the neutral human Priestess entered the dungeon 767: attained the rank of Acolyte (level 3) 2474: entered the Gnomish Mines 2878: attained the rank of Adept (level 6) 3020: reached Mine Town 5723: killed by a wolf Vanquished creatures: a djinni a watchman a werewolf a dingo a blue jelly 2 fire ants an imp a mountain nymph 2 rock piercers 2 rock moles 4 fog clouds a violet fungus 7 gnome leaders a gnomish wizard a gray ooze a giant ant a little dog a floating eye 8 dwarves a kobold leader a kobold shaman 2 hill orcs 5 rothes 4 killer bees 3 acid blobs a coyote a gas spore a large kobold 2 hobgoblins 2 giant rats 8 cave spiders 2 brown molds a yellow mold a green mold 30 gnomes 2 garter snakes a gnome zombie a gecko 4 jackals a fox a kobold 3 goblins 4 sewer rats 12 grid bugs 4 lichens 7 newts 143 creatures vanquished. No species were genocided or became extinct. Voluntary challenges: You read items or engraved 2 times. You never engraved Elbereth. You never genocided any monsters. You never polymorphed an object. You never changed form. You used no wishes. Achievements: You attained the rank of Acolyte. You entered a shop. You entered the Gnomish Mines. You attained the rank of Adept. You entered Minetown. You entered a temple. The Dungeons of Doom: levels 1 to 6 Level 1: Level 2: A fountain. Stairs down to The Gnomish Mines. Level 3: A general store. Level 4: Level 5: Some altars to Mog, a fountain. Level 6: <- You were here. A potion shop, a fountain. Final resting place for you, killed by a wolf. The Gnomish Mines: levels 3 to 5 Level 3: Level 4: Level 5: Many shops, a temple and an altar to Mog, many fountains. Game over: ---------- / \ / REST \ / IN \ / PEACE \ / \ | elenmirie | | 481 Au | | killed by a wolf | | | | | | | | 2023 | *| * * * | * _________)/\\_//(\/(/\)/\//\/|_)_______ Goodbye elenmirie the Priestess... You died in The Dungeons of Doom on dungeon level 6 with 4775 points, and 481 pieces of gold, after 5723 moves. You were level 7 with a maximum of 52 hit points when you died.